 Dungeon Crawl Stone Soup version 0.31.0-12-g77e489cdc1 (webtiles) character file.

Game seed: 12660151005490859057

508 hawla the Magician (level 6, -2/35 HPs)
             Began as a Deep Elf Fire Elementalist on Feb 19, 2024.
             Slain by Pikel
             ... wielding a +1 whip of freezing
              (9 damage)
             ... on level 4 of the Dungeon.
             The game lasted 00:12:13 (4477 turns).

hawla the Magician (Deep Elf Fire Elementalist)     Turns: 4477, Time: 00:12:13

Health: -2/35      AC:  4    Str:  5    XL:     6   Next: 98%
Magic:  3/14       EV: 12    Int: 22    God:
Gold:   147        SH:  0    Dex: 15    Spells: 6/13 levels left

rFire   + . .        g - +0 dagger (pain)
rCold   . . .        (no shield)
rNeg    . . .        b - +2 robe {rF+}
rPois   .            (no helmet)
rElec   .            (no cloak)
rCorr   .            (no gloves)
SInv    .            (no boots)
Will    .....        (no amulet)
Stlth   ++           h - ring of flight
HPRegen 0.25/turn    (no ring)
MPRegen 0.14/turn

%: no passive effects
@: flying
A: no striking features
a: no special abilities


You were on level 4 of the Dungeon.
You visited 1 branch of the dungeon, and saw 5 of its levels.

You collected 147 gold pieces.

Inventory:

Hand Weapons
 g - a +0 dagger of pain (weapon)
Armour
 b - a +2 robe of fire resistance (worn)
Magical Staves
 e - a staff of fire
Jewellery
 h - a ring of flight (left hand)
Scrolls
 a - a scroll of identify
 l - a scroll of amnesia
Potions
 c - 3 potions of curing {unknown}
 d - a potion of heal wounds {unknown}
 i - 2 potions of attraction {unknown}
 j - a potion of invisibility {unknown}
 k - 2 potions of ambrosia {unknown}
 m - a potion of might {unknown}


   Skills:
 - Level 2.0 Fighting
 - Level 2.4 Dodging
 - Level 2.4 Stealth
 + Level 1.6 Shields
 + Level 4.2 Spellcasting
 - Level 3.0 Conjurations
 - Level 4.0 Necromancy
 - Level 3.2 Fire Magic
 - Level 4.0 Evocations


You had 6 spell levels left.
You knew the following spells:

 Your Spells              Type           Power      Damage    Failure   Level
a - Foxfire               Conj/Fire      72%        2x1d7     3%          1
b - Scorch                Fire           38%        2d6       4%          2
c - Flame Wave            Conj/Fire      18%        2d7       30%         4

Your spell library contained the following spells:

 Spells                   Type           Power      Damage    Failure   Level
 Momentum Strike          Conj/Tloc      22%        3d8       9%          2
 Blink                    Tloc           8%         N/A       17%         2
 Lesser Beckoning         Tloc           8%         N/A       17%         2
 Inner Flame              Hex/Fire       11%        N/A       17%         3
 Volatile Blastmotes      Fire/Tloc      22%        2d11      17%         3
 Animate Dead             Necr           22%        N/A       22%         4
 Haunt                    Necr/Summ      6%         N/A       100%        7
 Infestation              Necr           11%        N/A       100%        8


Dungeon Overview and Level Annotations

Branches:
Dungeon (5/15)
 Temple: D:4-7

Altars:
Qazlal

Shops:
D:1 (((?   D:3 [

Annotations:
D:4 Pikel


Message History

Your foxfire dissipates!
The foxfire hits something but does no damage.
The gnoll bouda calls upon its god to heal the gnoll.
The gnoll's wounds heal themselves!
Things that are here:
a +0 hand axe; an orc corpse Your attacks no longer feel as feeble.
Something tries to affect you, but you resist.
There is a stone staircase leading up, spattered with blood here.
You fly upwards.
Level annotation: Pikel Reactivating autopickup.
There is a stone staircase leading down here.
Pikel is nearby!
Pikel is nearby!
Casting: Foxfire (safe; 3% risk of failure)
Confirm with . or Enter, or press ? or * to list all spells.
You conjure some foxfire!
Pikel zaps a wand.
The bolt of dispelling energy hits you.
* * * LOW HITPOINT WARNING * * *
You aren't carrying any items that you can evoke.
Casting: Foxfire (safe; 3% risk of failure)
Press: ? - help, Q - select action, (/) - cycle Dir - look around, f - activate
Okay, then.
Your foxfire dissipates!
The foxfire hits Pikel but does no damage.
Casting: Foxfire (safe; 3% risk of failure)
Confirm with . or Enter, or press ? or * to list all spells.
Casting: Flame Wave (extremely dangerous; 30% risk of failure)
Press: ? - help, Dir - look around, f - activate A wave of flame ripples out!
The flame wave engulfs Pikel!
Pikel is moderately wounded. (Press . to intensify the flame waves.) Pikel closely misses you.
Unknown command.
A wave of flame ripples out!
The flame wave engulfs Pikel.
Pikel is moderately wounded.
Pikel hits you with a +1 whip of freezing!
You die...
Pikel says, "Another soul for the market."

#.##..........####..###### ##
##.#..........####..##.##.#
.###......##.....#.##..#...#.##
.#.#...............#...#......#
...#.......#..................#
...........#..............##..#
..........##..............##..##
.5##......#.....K..............#
.###.........5..@.........#...##
.##...###.........>....>.##.###
##.....##........[.....#..######
..)....#......#.####..##...#...##
.)..)..[......#.#####.##........#
.....###......^...###.####......#
.###..##....###.......####.......
## #..##....##...###..#.#.###....
####.............###......###...#


You could see Pikel and a lemure.

Vanquished Creatures
  Sigmund (D:4)
  2 lemures
  A bombardier beetle (D:4)
  A jelly (D:4)
  An iguana (D:4)
  An orc wizard (D:5)
  7 gnolls
  6 adders
  3 dart slugs
  6 orcs
  9 ball pythons
  4 bats
  7 endoplasms
  4 giant cockroaches
  8 hobgoblins
  11 jackals
  7 quokkas
  2 frilled lizards
  6 goblins
  10 kobolds
  4 rats
101 creatures vanquished.

Vanquished Creatures (others)
  284 foxfires
284 creatures vanquished.

Grand Total: 385 creatures vanquished

Notes
Turn   | Place    | Note
-------+----------+-------------------------------------------
     0 | D:1      | hawla the Deep Elf Fire Elementalist began the quest for
                  | the Orb.
     0 | D:1      | Reached XP level 1. HP: 10/10 MP: 6/6
    91 | D:1      | Found Toenk's Magic Scroll Shoppe.
   103 | D:1      | Reached skill level 1 in Fighting
   154 | D:1      | Reached XP level 2. HP: 16/16 MP: 6/8
   393 | D:1      | Found Bufyas's Antique Weapon Shoppe.
   468 | D:1      | Found Cidgheit's Weapon Boutique.
   633 | D:1      | Found Conaon's Antique Weapon Shoppe.
   783 | D:1      | Reached XP level 3. HP: 21/21 MP: 6/9
  1305 | D:2      | Identified the +2 leather armour of Rakhaduid {rC+}
  1460 | D:2      | Learned a level 2 spell: Scorch
  2007 | D:2      | Reached skill level 1 in Necromancy
  2007 | D:2      | Reached XP level 4. HP: 26/26 MP: 6/10
  2463 | D:3      | Found a faded altar of an unknown god.
  2912 | D:3      | Found Zewiat's Armour Shoppe.
  3240 | D:4      | Reached XP level 5. HP: 30/30 MP: 5/11
  3241 | D:4      | Noticed Sigmund
  3247 | D:4      | Noticed a lemure
  3248 | D:4      | Noticed a lemure
  3391 | D:4      | Reached skill level 1 in Evocations
  3416 | D:4      | Killed Sigmund
  3417 | D:4      | Reached XP level 6. HP: 26/35 MP: 4/12
  3544 | D:4      | Found a stormy altar of Qazlal.
  3670 | D:4      | Reached skill level 1 in Shields
  3795 | D:4      | Noticed Pikel
  3810 | D:4      | Learned a level 4 spell: Flame Wave
  4312 | D:5      | Entered Level 5 of the Dungeon
  4477 | D:4      | Slain by Pikel

Illustrated notes

Levels and vault maps discovered:
D:1:      reono_arrival_forest_river, layout_loops_ring, serial_shops,
          nicolae_shop_waterfront, nicolae_shop_hallway_plus,
          nicolae_shop_peninsula, nicolae_shop_advertising_works
          [nicolae_subvault_shop_adworks], chequers_big_river
D:2:      layout_basic, wad_orctagon
D:3:      layout_rooms, shapermc_ecumenical_altar_starsandcircs, serial_shops,
          shop_fountains, chequers_serial_rivers_small_b
D:4:      layout_cave_pools, mainiacjoe_overflow_catwalk, uniq_pikel,
          uniq_sigmund
D:5:      kennysheep_six_static_rooms, layout_loops_ring, grunt_ministairs_13

Skill      XL: |  1  2  3  4  5  6 |
---------------+-------------------+-----
Fighting       | 1 2 |  2.0
Conjurations   | 3 |  3.0
Necromancy     | 1 3 4 |  4.0
Evocations     | 4 |  4.0
Shields        | 1 |  1.6
Spellcasting   | 4 |  4.2
Dodging        | |  2.4
Stealth        | |  2.4
Fire Magic     | |  3.2

Action                     |  1- 3 |  4- 6 || total
---------------------------+-------+-------++-------
  Melee: Unarmed           |     1 |       ||     1
         Dagger            |     3 |    27 ||    30
   Cast: Foxfire           |    75 |    92 ||   167
         Scorch            |     4 |    40 ||    44
         Flame Wave        |       |     2 ||     2
    Use: Scroll            |     3 |     7 ||    10
         Potion            |       |     1 ||     1
 Armour: Robe              |     6 |    42 ||    48
  Dodge: Dodged            |    15 |    32 ||    47
